[ PARTIDA AOE2 · #484044228 ]
UnrankedSarracenos vs Saracens
[ ANÁLISIS DE REPETICIÓN · EXTRAÍDO DE LA PARTIDA GRABADA ]
Feudal
10:13
Castillos
24:55
Imperial
40:59
| APM promedio | 29.2 |
| APM pico | 68 |
| eAPM promedio | 12.3 |
| Aldeanos / militares | 108 / 99 |
Foco
⚔️ 29.4% · 🌾 70.6%
Mameluke ×86 · Scout Cavalry ×9 · Trebuchet (Packed) ×4
Feudal
10:51
Castillos
28:14
Imperial
44:57
| APM promedio | 25.0 |
| APM pico | 67 |
| eAPM promedio | 13.4 |
| Aldeanos / militares | 91 / 85 |
Foco
⚔️ 21.6% · 🌾 78.4%
Archer ×41 · Skirmisher ×27 · Mameluke ×11 · Spearman ×5 · Monk ×1
Feudal
10:38
Castillos
25:54
Imperial
38:16
| APM promedio | 16.2 |
| APM pico | 42 |
| eAPM promedio | 11.9 |
| Aldeanos / militares | 135 / 55 |
Foco
⚔️ 25.0% · 🌾 75.0%
Militia ×24 · Skirmisher ×22 · Spearman ×7 · Scout Cavalry ×2 · Trade Cart ×1
Feudal
10:15
Castillos
25:12
Imperial
—
| APM promedio | 41.8 |
| APM pico | 109 |
| eAPM promedio | 20.8 |
| Aldeanos / militares | 113 / 99 |
Foco
⚔️ 25.1% · 🌾 74.9%
Archer ×71 · Spearman ×18 · Battering Ram ×6 · Plumed Archer ×4
Feudal
10:51
Castillos
17:56
Imperial
35:05
| APM promedio | 38.0 |
| APM pico | 81 |
| eAPM promedio | 20.8 |
| Aldeanos / militares | 95 / 79 |
Foco
⚔️ 29.3% · 🌾 70.7%
Knight ×75 · Scout Cavalry ×2 · Trebuchet (Packed) ×2
Feudal
9:42
Castillos
23:25
Imperial
46:57
| APM promedio | 37.6 |
| APM pico | 106 |
| eAPM promedio | 20.3 |
| Aldeanos / militares | 192 / 132 |
Foco
⚔️ 26.9% · 🌾 73.1%
Spearman ×100 · Knight ×19 · Throwing Axeman ×9 · Scout Cavalry ×4
Mapa de la partida
Recursos iniciales + cada clic de construcción. Líneas = muros · curvas = relieve. ◆ oro · ⬟ piedra · ● bayas · ✦ reliquia · ◌ hueco del cierre
Tu base· Abierta — flanco sin cerrar
Base de crazy hippo· Abierta — flanco sin cerrar
Base de yazidzr· Abierta — hueco de 10t
Base de GdN_EL DOMADOR de Valentines· Abierta — flanco sin cerrar
Base de len´s_goth· Abierta — flanco sin cerrar
Base de LooneyNZ· Abierta — hueco de 14t
Terreno inicial suavizado · ◌ = hueco del cierre detectado · pasá el cursor para detalles
Inputs por minuto
— El_Terrible - - crazy hippo
Build order — El_Terrible
Primeras 150 de 340 acciones detectadas
| 0:02 | Crear | Villager (Male) |
| 0:03 | Crear | Villager (Male) |
| 0:03 | Crear | Villager (Male) |
| 0:03 | Crear | Villager (Male) |
| 0:05 | Construir | House |
| 0:07 | Construir | House |
| 1:29 | Crear | Villager (Male) |
| 1:58 | Crear | Villager (Male) |
| 2:13 | Construir | Lumber Camp |
| 2:31 | Crear | Villager (Male) |
| 2:58 | Crear | Villager (Male) |
| 3:04 | Crear | Villager (Male) |
| 3:25 | Investigar | Loom |
| 3:57 | Construir | House |
| 4:03 | Crear | Villager (Male) |
| 4:31 | Crear | Villager (Male) |
| 4:51 | Crear | Villager (Male) |
| 4:52 | Crear | Villager (Male) |
| 5:46 | Crear | Villager (Male) |
| 5:46 | Crear | Villager (Male) |
| 5:58 | Construir | Mill |
| 6:15 | Crear | Villager (Male) |
| 6:46 | Crear | Villager (Male) |
| 6:49 | Crear | Villager (Male) |
| 7:15 | Construir | House |
| 7:34 | Crear | Villager (Male) |
| 7:58 | Investigar | Feudal Age |
| 8:10 | Construir | Barracks |
| 8:17 | Construir | House |
| 9:31 | Crear | Villager (Male) |
| 9:44 | Construir | House |
| 10:03 | Crear | Villager (Male) |
| 10:13 | Edad | Edad Feudal |
| 10:14 | Investigar | Double-Bit Axe |
| 10:18 | Construir | Stable |
| 10:42 | Construir | Farm |
| 10:43 | Construir | Farm |
| 10:53 | Construir | Farm |
| 10:55 | Construir | Farm |
| 11:09 | Crear | Villager (Male) |
| 11:10 | Crear | Villager (Male) |
| 11:10 | Crear | Villager (Male) |
| 11:12 | Crear | Scout Cavalry |
| 11:13 | Crear | Scout Cavalry |
| 11:16 | Construir | House |
| 11:18 | Construir | Palisade Wall |
| 11:43 | Crear | Scout Cavalry |
| 12:16 | Crear | Villager (Male) |
| 12:19 | Construir | Lumber Camp |
| 12:34 | Crear | Villager (Male) |
| 12:42 | Crear | Scout Cavalry |
| 13:01 | Construir | Blacksmith |
| 13:02 | Crear | Villager (Male) |
| 13:20 | Crear | Villager (Male) |
| 13:21 | Construir | Farm |
| 13:43 | Construir | Farm |
| 13:47 | Construir | Farm |
| 13:59 | Crear | Villager (Male) |
| 14:07 | Construir | Farm |
| 14:12 | Crear | Villager (Male) |
| 14:41 | Construir | Farm |
| 15:11 | Construir | Farm |
| 15:24 | Crear | Villager (Male) |
| 15:25 | Crear | Villager (Male) |
| 15:30 | Crear | Scout Cavalry |
| 15:32 | Investigar | Forging |
| 16:09 | Crear | Villager (Male) |
| 16:11 | Construir | Farm |
| 16:15 | Crear | Scout Cavalry |
| 16:41 | Crear | Villager (Male) |
| 16:43 | Construir | Farm |
| 16:44 | Construir | Farm |
| 16:48 | Construir | House |
| 16:49 | Construir | House |
| 17:20 | Crear | Villager (Male) |
| 17:23 | Investigar | Horse Collar |
| 17:25 | Investigar | Scale Barding Armor |
| 17:45 | Construir | Farm |
| 17:48 | Crear | Scout Cavalry |
| 17:52 | Construir | House |
| 17:56 | Construir | Farm |
| 17:57 | Construir | Farm |
| 17:58 | Construir | Farm |
| 17:59 | Construir | Farm |
| 18:55 | Crear | Villager (Male) |
| 18:56 | Crear | Villager (Male) |
| 18:56 | Crear | Villager (Male) |
| 19:24 | Crear | Villager (Male) |
| 19:26 | Construir | Farm |
| 19:27 | Construir | Farm |
| 19:28 | Crear | Villager (Male) |
| 19:47 | Construir | Mining Camp |
| 20:09 | Crear | Villager (Male) |
| 20:16 | Crear | Scout Cavalry |
| 20:16 | Crear | Scout Cavalry |
| 20:28 | Construir | Lumber Camp |
| 20:36 | Construir | Farm |
| 21:03 | Crear | Villager (Male) |
| 21:18 | Construir | Mining Camp |
| 21:35 | Crear | Villager (Male) |
| 22:11 | Investigar | Castle Age |
| 24:55 | Edad | Edad de los Castillos |
| 25:00 | Crear | Villager (Male) |
| 25:01 | Crear | Villager (Male) |
| 25:01 | Crear | Villager (Male) |
| 25:02 | Crear | Villager (Male) |
| 25:11 | Investigar | Heavy Plow |
| 25:14 | Investigar | Gold Mining |
| 25:18 | Investigar | Husbandry |
| 25:19 | Investigar | Bloodlines |
| 25:39 | Construir | Castle |
| 25:41 | Crear | Villager (Male) |
| 25:42 | Crear | Villager (Male) |
| 25:42 | Crear | Villager (Male) |
| 25:49 | Investigar | Bow Saw |
| 26:01 | Crear | Villager (Male) |
| 26:40 | Construir | Town Center |
| 26:45 | Crear | Villager (Male) |
| 26:45 | Crear | Villager (Male) |
| 26:50 | Construir | House |
| 26:51 | Construir | House |
| 26:52 | Construir | House |
| 26:54 | Construir | House |
| 27:00 | Crear | Mameluke |
| 27:00 | Crear | Mameluke |
| 27:01 | Crear | Mameluke |
| 27:01 | Crear | Mameluke |
| 27:01 | Crear | Mameluke |
| 27:06 | Construir | Town Center |
| 27:34 | Construir | Town Center |
| 28:05 | Crear | Mameluke |
| 28:12 | Crear | Villager (Male) |
| 28:14 | Investigar | Town Watch |
| 28:16 | Investigar | Wheelbarrow |
| 28:20 | Crear | Villager (Male) |
| 28:23 | Crear | Villager (Male) |
| 28:23 | Crear | Villager (Male) |
| 28:28 | Construir | House |
| 28:29 | Construir | House |
| 28:30 | Construir | House |
| 28:32 | Construir | House |
| 28:33 | Construir | House |
| 28:38 | Crear | Villager (Male) |
| 28:40 | Crear | Mameluke |
| 28:43 | Investigar | Iron Casting |
| 28:59 | Construir | Farm |
| 29:17 | Investigar | Stone Mining |
| 29:20 | Crear | Villager (Male) |
| 29:20 | Crear | Villager (Male) |
| 29:21 | Crear | Villager (Male) |
Build order — crazy hippo
Primeras 150 de 276 acciones detectadas
| 0:06 | Construir | House |
| 0:08 | Construir | House |
| 0:20 | Crear | Villager (Male) |
| 0:20 | Crear | Villager (Male) |
| 0:20 | Crear | Villager (Male) |
| 0:40 | Crear | Villager (Male) |
| 1:41 | Construir | Lumber Camp |
| 1:45 | Crear | Villager (Male) |
| 2:20 | Crear | Villager (Male) |
| 2:56 | Construir | House |
| 3:00 | Crear | Villager (Male) |
| 3:26 | Crear | Villager (Male) |
| 3:35 | Crear | Villager (Male) |
| 4:23 | Crear | Villager (Male) |
| 4:56 | Crear | Villager (Male) |
| 5:13 | Crear | Villager (Male) |
| 5:52 | Construir | House |
| 5:54 | Crear | Villager (Male) |
| 6:18 | Crear | Villager (Male) |
| 6:22 | Construir | Mill |
| 6:45 | Crear | Villager (Male) |
| 6:57 | Crear | Villager (Male) |
| 7:40 | Crear | Villager (Male) |
| 8:16 | Crear | Villager (Male) |
| 8:34 | Investigar | Feudal Age |
| 9:07 | Construir | Barracks |
| 9:10 | Construir | House |
| 9:11 | Construir | House |
| 10:07 | Crear | Villager (Male) |
| 10:21 | Construir | Mining Camp |
| 10:51 | Edad | Edad Feudal |
| 10:58 | Construir | Stone Wall |
| 11:00 | Construir | Stone Wall |
| 11:12 | Construir | Stone Wall |
| 11:25 | Construir | Gate |
| 11:36 | Construir | Stone Wall |
| 11:40 | Construir | Stone Wall |
| 11:43 | Crear | Villager (Male) |
| 11:49 | Crear | Spearman |
| 11:59 | Construir | Stone Wall |
| 12:08 | Construir | Gate |
| 12:27 | Crear | Villager (Male) |
| 12:35 | Crear | Villager (Male) |
| 12:45 | Crear | Villager (Male) |
| 12:53 | Construir | Stone Wall |
| 13:00 | Construir | Stone Wall |
| 13:09 | Crear | Villager (Male) |
| 13:26 | Construir | Gate |
| 13:32 | Construir | Stone Wall |
| 13:33 | Crear | Villager (Male) |
| 13:36 | Construir | Farm |
| 13:38 | Crear | Villager (Male) |
| 13:49 | Construir | House |
| 14:41 | Construir | Barracks |
| 15:04 | Construir | Watch Tower |
| 15:08 | Construir | Barracks |
| 15:18 | Construir | Market |
| 15:26 | Construir | House |
| 15:43 | Construir | House |
| 15:53 | Crear | Spearman |
| 16:07 | Crear | Spearman |
| 16:17 | Construir | Lumber Camp |
| 16:48 | Crear | Villager (Male) |
| 16:53 | Crear | Spearman |
| 17:40 | Construir | Lumber Camp |
| 17:54 | Construir | Farm |
| 18:32 | Construir | Stone Wall |
| 18:35 | Construir | Stone Wall |
| 18:38 | Crear | Villager (Male) |
| 18:46 | Crear | Spearman |
| 19:00 | Crear | Villager (Male) |
| 19:06 | Construir | Mining Camp |
| 19:09 | Crear | Villager (Male) |
| 19:49 | Construir | Gate |
| 20:02 | Crear | Villager (Male) |
| 20:04 | Crear | Villager (Male) |
| 20:23 | Construir | Gate |
| 20:37 | Construir | Farm |
| 20:38 | Crear | Villager (Male) |
| 21:01 | Construir | Stone Wall |
| 21:03 | Crear | Villager (Male) |
| 21:06 | Construir | Farm |
| 21:07 | Crear | Villager (Male) |
| 21:20 | Construir | Farm |
| 21:27 | Investigar | Horse Collar |
| 21:44 | Construir | Mill |
| 21:46 | Construir | Farm |
| 21:46 | Construir | Farm |
| 21:49 | Construir | Farm |
| 21:50 | Crear | Villager (Male) |
| 21:51 | Crear | Villager (Male) |
| 21:58 | Construir | Lumber Camp |
| 22:10 | Construir | Mill |
| 22:11 | Construir | Farm |
| 22:12 | Construir | Farm |
| 22:13 | Construir | Farm |
| 22:15 | Construir | Farm |
| 22:41 | Crear | Villager (Male) |
| 22:44 | Construir | Farm |
| 22:46 | Construir | Farm |
| 22:48 | Crear | Villager (Male) |
| 22:53 | Construir | Farm |
| 22:54 | Construir | Farm |
| 22:56 | Construir | Farm |
| 22:57 | Construir | Farm |
| 24:13 | Construir | Farm |
| 24:16 | Construir | Farm |
| 24:19 | Investigar | Double-Bit Axe |
| 24:24 | Crear | Villager (Male) |
| 25:03 | Construir | Blacksmith |
| 25:15 | Construir | Mill |
| 25:24 | Crear | Villager (Male) |
| 25:34 | Investigar | Castle Age |
| 25:35 | Investigar | Castle Age |
| 25:37 | Crear | Villager (Male) |
| 25:39 | Crear | Villager (Male) |
| 25:41 | Investigar | Wheelbarrow |
| 26:31 | Investigar | Gold Mining |
| 26:33 | Investigar | Stone Mining |
| 27:23 | Construir | Archery Range |
| 27:33 | Construir | Archery Range |
| 27:48 | Construir | Lumber Camp |
| 28:14 | Edad | Edad de los Castillos |
| 28:16 | Construir | Lumber Camp |
| 28:19 | Crear | Villager (Male) |
| 28:25 | Investigar | Forging |
| 28:45 | Crear | Villager (Male) |
| 28:48 | Crear | Villager (Male) |
| 28:49 | Construir | Farm |
| 28:57 | Investigar | Crossbowman (upgrade) |
| 28:59 | Crear | Archer |
| 29:18 | Construir | Lumber Camp |
| 29:34 | Crear | Archer |
| 29:34 | Crear | Archer |
| 29:36 | Crear | Villager (Male) |
| 29:40 | Investigar | Iron Casting |
| 29:41 | Investigar | Fletching |
| 29:42 | Investigar | Padded Archer Armor |
| 29:43 | Investigar | Scale Mail Armor |
| 29:45 | Crear | Villager (Male) |
| 29:49 | Investigar | Heavy Plow |
| 30:11 | Crear | Archer |
| 30:13 | Crear | Archer |
| 30:28 | Investigar | Bow Saw |
| 30:39 | Crear | Villager (Male) |
| 30:50 | Construir | House |
| 30:52 | Construir | House |
| 31:02 | Investigar | Gold Shaft Mining |
| 31:22 | Investigar | Hand Cart |
| 31:36 | Investigar | Thumb Ring |
Build order — yazidzr
Primeras 150 de 343 acciones detectadas
| 0:02 | Construir | House |
| 0:05 | Construir | House |
| 0:09 | Crear | Villager (Male) |
| 0:10 | Crear | Villager (Male) |
| 0:10 | Crear | Villager (Male) |
| 0:31 | Crear | Villager (Male) |
| 1:37 | Crear | Villager (Male) |
| 1:56 | Construir | Lumber Camp |
| 2:00 | Crear | Villager (Male) |
| 2:32 | Crear | Villager (Male) |
| 3:26 | Crear | Villager (Male) |
| 3:26 | Crear | Villager (Male) |
| 4:29 | Crear | Villager (Male) |
| 4:29 | Crear | Villager (Male) |
| 4:43 | Construir | House |
| 5:20 | Construir | Mill |
| 5:34 | Crear | Villager (Male) |
| 5:34 | Crear | Villager (Male) |
| 5:34 | Crear | Villager (Male) |
| 6:28 | Crear | Villager (Male) |
| 7:23 | Crear | Villager (Male) |
| 7:23 | Crear | Villager (Male) |
| 7:44 | Construir | House |
| 8:17 | Construir | Barracks |
| 8:27 | Investigar | Feudal Age |
| 8:38 | Construir | Lumber Camp |
| 9:13 | Construir | House |
| 9:23 | Construir | House |
| 9:25 | Construir | House |
| 10:13 | Construir | House |
| 10:18 | Construir | Palisade Wall |
| 10:38 | Edad | Edad Feudal |
| 10:45 | Crear | Villager (Male) |
| 10:46 | Crear | Villager (Male) |
| 10:46 | Crear | Villager (Male) |
| 10:52 | Investigar | Double-Bit Axe |
| 11:00 | Construir | Stable |
| 11:06 | Construir | Blacksmith |
| 11:22 | Crear | Villager (Male) |
| 11:22 | Crear | Villager (Male) |
| 11:40 | Construir | House |
| 11:54 | Construir | Farm |
| 11:56 | Construir | Farm |
| 12:01 | Construir | Farm |
| 12:07 | Construir | Farm |
| 12:10 | Construir | Farm |
| 12:23 | Construir | House |
| 12:30 | Construir | Farm |
| 13:03 | Crear | Villager (Male) |
| 13:03 | Crear | Villager (Male) |
| 13:08 | Construir | Farm |
| 13:12 | Construir | Farm |
| 13:35 | Construir | Farm |
| 13:39 | Crear | Villager (Male) |
| 13:39 | Crear | Villager (Male) |
| 13:53 | Construir | Archery Range |
| 14:00 | Construir | Farm |
| 14:02 | Crear | Villager (Male) |
| 14:03 | Crear | Villager (Male) |
| 14:34 | Crear | Villager (Male) |
| 14:36 | Construir | Farm |
| 16:48 | Crear | Spearman |
| 16:48 | Crear | Spearman |
| 16:49 | Crear | Spearman |
| 16:49 | Crear | Spearman |
| 17:10 | Crear | Villager (Male) |
| 17:11 | Crear | Villager (Male) |
| 17:27 | Crear | Villager (Male) |
| 18:15 | Construir | Lumber Camp |
| 18:41 | Crear | Villager (Male) |
| 18:42 | Crear | Villager (Male) |
| 19:54 | Crear | Villager (Male) |
| 19:54 | Crear | Villager (Male) |
| 20:02 | Construir | House |
| 20:15 | Crear | Villager (Male) |
| 20:16 | Crear | Villager (Male) |
| 20:16 | Crear | Villager (Male) |
| 20:27 | Construir | Barracks |
| 20:37 | Crear | Villager (Male) |
| 20:38 | Crear | Villager (Male) |
| 21:10 | Construir | Archery Range |
| 21:22 | Construir | Mining Camp |
| 21:32 | Crear | Villager (Male) |
| 21:41 | Crear | Spearman |
| 21:42 | Crear | Spearman |
| 22:24 | Construir | House |
| 22:25 | Construir | House |
| 22:36 | Crear | Villager (Male) |
| 22:37 | Crear | Villager (Male) |
| 22:47 | Construir | Market |
| 22:57 | Investigar | Castle Age |
| 23:06 | Construir | House |
| 23:32 | Construir | House |
| 24:24 | Crear | Skirmisher |
| 24:24 | Crear | Skirmisher |
| 24:25 | Crear | Skirmisher |
| 24:25 | Crear | Skirmisher |
| 24:26 | Crear | Skirmisher |
| 24:26 | Crear | Skirmisher |
| 24:37 | Crear | Spearman |
| 24:44 | Construir | House |
| 24:46 | Construir | House |
| 24:46 | Construir | House |
| 24:53 | Construir | Lumber Camp |
| 25:14 | Investigar | Man-at-Arms (upgrade) |
| 25:22 | Investigar | Gold Mining |
| 25:22 | Investigar | Stone Mining |
| 25:54 | Edad | Edad de los Castillos |
| 26:04 | Construir | Palisade Wall |
| 26:06 | Construir | Palisade Wall |
| 26:08 | Construir | Palisade Wall |
| 26:24 | Construir | Town Center |
| 26:26 | Crear | Villager (Male) |
| 26:26 | Crear | Villager (Male) |
| 26:27 | Crear | Villager (Male) |
| 26:43 | Investigar | Bow Saw |
| 26:49 | Construir | Lumber Camp |
| 27:23 | Construir | Farm |
| 28:06 | Construir | Town Center |
| 28:10 | Crear | Villager (Male) |
| 28:10 | Crear | Villager (Male) |
| 28:10 | Crear | Villager (Male) |
| 28:20 | Investigar | Long Swordsman (upgrade) |
| 28:21 | Crear | Militia |
| 28:21 | Crear | Militia |
| 28:22 | Crear | Militia |
| 28:34 | Construir | Lumber Camp |
| 28:49 | Investigar | Loom |
| 28:52 | Crear | Villager (Male) |
| 28:53 | Crear | Villager (Male) |
| 29:30 | Construir | Lumber Camp |
| 29:37 | Construir | Farm |
| 29:37 | Construir | Farm |
| 29:37 | Construir | Farm |
| 29:41 | Crear | Villager (Male) |
| 29:41 | Crear | Villager (Male) |
| 29:42 | Crear | Villager (Male) |
| 29:42 | Crear | Villager (Male) |
| 30:06 | Crear | Skirmisher |
| 30:07 | Crear | Skirmisher |
| 30:07 | Investigar | Elite Skirmisher (upgrade) |
| 30:22 | Crear | Villager (Male) |
| 30:32 | Construir | Farm |
| 30:33 | Construir | Farm |
| 30:33 | Construir | Farm |
| 30:34 | Construir | Farm |
| 30:34 | Construir | Farm |
| 30:34 | Construir | Farm |
| 30:37 | Crear | Villager (Male) |
| 30:38 | Crear | Villager (Male) |
Build order — GdN_EL DOMADOR de Valentines
Primeras 150 de 318 acciones detectadas
| 0:05 | Investigar | Loom |
| 0:05 | Crear | Villager (Male) |
| 0:05 | Crear | Villager (Male) |
| 0:05 | Crear | Villager (Male) |
| 0:07 | Construir | House |
| 0:09 | Construir | House |
| 1:33 | Crear | Villager (Male) |
| 1:33 | Crear | Villager (Male) |
| 1:59 | Crear | Villager (Male) |
| 1:59 | Crear | Villager (Male) |
| 2:00 | Crear | Villager (Male) |
| 2:17 | Construir | Lumber Camp |
| 2:42 | Crear | Villager (Male) |
| 2:47 | Crear | Villager (Male) |
| 2:47 | Crear | Villager (Male) |
| 3:01 | Construir | House |
| 3:03 | Construir | House |
| 3:45 | Crear | Villager (Male) |
| 3:45 | Crear | Villager (Male) |
| 3:45 | Crear | Villager (Male) |
| 3:46 | Crear | Villager (Male) |
| 3:47 | Crear | Villager (Male) |
| 4:24 | Crear | Villager (Male) |
| 4:24 | Crear | Villager (Male) |
| 4:24 | Crear | Villager (Male) |
| 4:39 | Crear | Villager (Male) |
| 4:53 | Crear | Villager (Male) |
| 4:54 | Crear | Villager (Male) |
| 5:02 | Construir | House |
| 5:25 | Construir | House |
| 5:37 | Construir | Mill |
| 5:42 | Crear | Villager (Male) |
| 5:42 | Crear | Villager (Male) |
| 5:42 | Crear | Villager (Male) |
| 5:43 | Crear | Villager (Male) |
| 5:43 | Crear | Villager (Male) |
| 6:25 | Crear | Villager (Male) |
| 6:51 | Crear | Villager (Male) |
| 6:51 | Crear | Villager (Male) |
| 7:33 | Crear | Villager (Male) |
| 8:05 | Investigar | Feudal Age |
| 8:17 | Construir | Mining Camp |
| 9:28 | Construir | Barracks |
| 9:29 | Construir | House |
| 10:15 | Edad | Edad Feudal |
| 10:27 | Construir | Archery Range |
| 10:32 | Crear | Villager (Male) |
| 10:32 | Crear | Villager (Male) |
| 10:32 | Crear | Villager (Male) |
| 10:32 | Crear | Villager (Male) |
| 10:46 | Investigar | Double-Bit Axe |
| 11:08 | Crear | Villager (Male) |
| 11:09 | Crear | Villager (Male) |
| 11:09 | Crear | Villager (Male) |
| 11:09 | Crear | Villager (Male) |
| 11:09 | Crear | Villager (Male) |
| 11:42 | Crear | Villager (Male) |
| 11:45 | Crear | Archer |
| 11:45 | Crear | Archer |
| 11:58 | Crear | Spearman |
| 12:16 | Construir | Archery Range |
| 12:20 | Crear | Villager (Male) |
| 12:36 | Construir | Mill |
| 12:48 | Crear | Villager (Male) |
| 12:48 | Crear | Villager (Male) |
| 12:48 | Crear | Villager (Male) |
| 12:52 | Crear | Archer |
| 12:52 | Crear | Archer |
| 12:52 | Crear | Archer |
| 12:52 | Crear | Archer |
| 12:52 | Crear | Archer |
| 12:53 | Crear | Archer |
| 13:02 | Crear | Spearman |
| 13:02 | Crear | Spearman |
| 13:09 | Construir | House |
| 13:18 | Construir | House |
| 14:01 | Crear | Archer |
| 14:01 | Crear | Archer |
| 14:02 | Crear | Archer |
| 14:02 | Crear | Archer |
| 14:14 | Crear | Villager (Male) |
| 14:14 | Crear | Villager (Male) |
| 14:14 | Crear | Villager (Male) |
| 14:14 | Crear | Villager (Male) |
| 15:14 | Crear | Archer |
| 15:14 | Crear | Archer |
| 15:14 | Crear | Archer |
| 15:28 | Construir | Blacksmith |
| 15:34 | Construir | Palisade Wall |
| 15:40 | Crear | Archer |
| 15:40 | Crear | Archer |
| 15:41 | Crear | Archer |
| 15:41 | Crear | Archer |
| 15:41 | Crear | Archer |
| 15:43 | Crear | Villager (Male) |
| 15:43 | Crear | Villager (Male) |
| 15:43 | Crear | Villager (Male) |
| 15:43 | Crear | Villager (Male) |
| 15:43 | Crear | Villager (Male) |
| 15:49 | Construir | House |
| 15:51 | Construir | House |
| 15:58 | Construir | Palisade Wall |
| 16:09 | Investigar | Fletching |
| 17:04 | Crear | Archer |
| 17:04 | Crear | Archer |
| 17:06 | Crear | Archer |
| 17:07 | Crear | Villager (Male) |
| 17:23 | Construir | Market |
| 17:25 | Construir | House |
| 17:46 | Crear | Villager (Male) |
| 17:46 | Crear | Villager (Male) |
| 17:46 | Crear | Villager (Male) |
| 17:46 | Crear | Villager (Male) |
| 17:49 | Crear | Archer |
| 17:50 | Crear | Archer |
| 19:00 | Crear | Villager (Male) |
| 19:05 | Construir | House |
| 19:07 | Construir | House |
| 20:02 | Crear | Archer |
| 20:02 | Crear | Archer |
| 20:03 | Crear | Archer |
| 20:06 | Crear | Spearman |
| 20:06 | Crear | Spearman |
| 20:30 | Construir | House |
| 20:37 | Construir | Palisade Wall |
| 20:56 | Crear | Spearman |
| 20:56 | Crear | Spearman |
| 20:59 | Crear | Archer |
| 20:59 | Crear | Archer |
| 21:26 | Construir | House |
| 21:28 | Construir | House |
| 22:18 | Crear | Villager (Male) |
| 22:32 | Investigar | Castle Age |
| 22:37 | Investigar | Scale Mail Armor |
| 22:50 | Construir | Palisade Wall |
| 23:00 | Construir | Palisade Wall |
| 23:26 | Crear | Spearman |
| 23:26 | Crear | Spearman |
| 23:28 | Crear | Archer |
| 23:28 | Crear | Archer |
| 23:29 | Crear | Archer |
| 23:33 | Construir | Farm |
| 23:35 | Construir | Farm |
| 23:37 | Construir | Farm |
| 24:06 | Construir | House |
| 24:10 | Construir | House |
| 24:31 | Construir | Mining Camp |
| 25:05 | Crear | Archer |
| 25:06 | Crear | Archer |
| 25:06 | Crear | Archer |
Build order — len´s_goth
Primeras 150 de 388 acciones detectadas
| 0:02 | Crear | Villager (Male) |
| 0:02 | Crear | Villager (Male) |
| 0:03 | Crear | Villager (Male) |
| 0:03 | Crear | Villager (Male) |
| 0:06 | Construir | House |
| 0:08 | Construir | House |
| 0:22 | Construir | House |
| 1:49 | Crear | Villager (Male) |
| 2:03 | Construir | Lumber Camp |
| 2:12 | Crear | Villager (Male) |
| 2:32 | Crear | Villager (Male) |
| 2:46 | Crear | Villager (Male) |
| 3:14 | Crear | Villager (Male) |
| 3:50 | Crear | Villager (Male) |
| 4:11 | Crear | Villager (Male) |
| 4:13 | Construir | Mill |
| 4:16 | Construir | House |
| 4:23 | Construir | Mill |
| 4:44 | Crear | Villager (Male) |
| 5:19 | Investigar | Loom |
| 5:19 | Crear | Villager (Male) |
| 5:19 | Crear | Villager (Male) |
| 5:58 | Construir | House |
| 6:11 | Crear | Villager (Male) |
| 6:31 | Crear | Villager (Male) |
| 6:48 | Crear | Villager (Male) |
| 6:48 | Crear | Villager (Male) |
| 7:27 | Crear | Villager (Male) |
| 7:47 | Investigar | Loom |
| 7:58 | Construir | Mining Camp |
| 8:27 | Investigar | Feudal Age |
| 8:47 | Investigar | Double-Bit Axe |
| 8:54 | Construir | Lumber Camp |
| 9:21 | Construir | House |
| 9:33 | Construir | Barracks |
| 9:41 | Construir | Barracks |
| 10:13 | Crear | Villager (Male) |
| 10:51 | Edad | Edad Feudal |
| 10:57 | Construir | Stable |
| 10:59 | Construir | House |
| 11:02 | Crear | Villager (Male) |
| 11:11 | Construir | Farm |
| 11:12 | Construir | Farm |
| 11:19 | Construir | Farm |
| 11:22 | Crear | Villager (Male) |
| 11:45 | Crear | Villager (Male) |
| 12:10 | Construir | Blacksmith |
| 12:17 | Construir | Farm |
| 12:27 | Crear | Villager (Male) |
| 12:40 | Construir | Farm |
| 12:44 | Construir | Farm |
| 12:49 | Crear | Villager (Male) |
| 12:58 | Construir | Farm |
| 13:08 | Construir | Farm |
| 13:16 | Crear | Villager (Male) |
| 13:46 | Crear | Villager (Male) |
| 13:50 | Construir | Farm |
| 13:54 | Construir | Farm |
| 13:57 | Construir | Farm |
| 14:06 | Construir | Farm |
| 14:09 | Crear | Villager (Male) |
| 14:25 | Construir | Farm |
| 14:30 | Crear | Villager (Male) |
| 14:36 | Construir | House |
| 14:38 | Construir | House |
| 15:16 | Investigar | Castle Age |
| 15:37 | Construir | Palisade Wall |
| 15:38 | Construir | Palisade Wall |
| 16:36 | Construir | Mining Camp |
| 16:48 | Construir | Farm |
| 16:49 | Construir | Farm |
| 16:50 | Construir | Farm |
| 17:01 | Construir | House |
| 17:02 | Construir | House |
| 17:56 | Edad | Edad de los Castillos |
| 17:58 | Crear | Knight |
| 17:59 | Crear | Knight |
| 18:41 | Construir | Town Center |
| 19:42 | Investigar | Town Watch |
| 19:58 | Crear | Villager (Male) |
| 19:58 | Crear | Villager (Male) |
| 20:00 | Construir | Farm |
| 20:08 | Crear | Villager (Male) |
| 20:19 | Construir | House |
| 20:22 | Construir | Palisade Wall |
| 20:28 | Construir | Palisade Wall |
| 20:31 | Investigar | Gold Mining |
| 20:40 | Construir | Farm |
| 20:42 | Construir | Farm |
| 20:46 | Crear | Villager (Male) |
| 20:46 | Crear | Villager (Male) |
| 20:56 | Investigar | Wheelbarrow |
| 21:03 | Investigar | Horse Collar |
| 21:08 | Crear | Villager (Male) |
| 21:14 | Crear | Villager (Male) |
| 21:20 | Construir | Stable |
| 21:21 | Construir | House |
| 21:44 | Crear | Knight |
| 21:44 | Crear | Knight |
| 21:55 | Investigar | Gold Shaft Mining |
| 22:06 | Investigar | Husbandry |
| 22:07 | Crear | Knight |
| 22:20 | Crear | Villager (Male) |
| 22:36 | Construir | Town Center |
| 22:39 | Crear | Villager (Male) |
| 22:49 | Crear | Scout Cavalry |
| 22:56 | Crear | Knight |
| 22:56 | Crear | Knight |
| 23:12 | Crear | Villager (Male) |
| 23:20 | Construir | Palisade Wall |
| 23:24 | Construir | Farm |
| 23:26 | Crear | Villager (Male) |
| 23:26 | Crear | Villager (Male) |
| 23:30 | Crear | Villager (Male) |
| 24:06 | Investigar | Hand Cart |
| 24:11 | Construir | Mining Camp |
| 24:23 | Construir | Farm |
| 24:27 | Construir | Farm |
| 24:28 | Construir | Farm |
| 24:29 | Construir | Farm |
| 24:31 | Construir | Farm |
| 24:33 | Construir | Farm |
| 24:34 | Construir | Farm |
| 24:36 | Crear | Villager (Male) |
| 24:37 | Crear | Villager (Male) |
| 24:51 | Construir | Farm |
| 24:51 | Construir | Farm |
| 25:01 | Construir | Lumber Camp |
| 25:03 | Crear | Villager (Male) |
| 25:03 | Crear | Villager (Male) |
| 25:07 | Construir | House |
| 25:08 | Construir | House |
| 25:09 | Construir | House |
| 25:14 | Crear | Villager (Male) |
| 25:14 | Crear | Villager (Male) |
| 25:36 | Crear | Villager (Male) |
| 25:36 | Crear | Villager (Male) |
| 25:41 | Investigar | Stone Mining |
| 25:44 | Crear | Villager (Male) |
| 25:45 | Crear | Villager (Male) |
| 26:08 | Crear | Villager (Male) |
| 26:08 | Crear | Villager (Male) |
| 26:25 | Construir | Mill |
| 26:26 | Construir | Farm |
| 26:29 | Construir | Farm |
| 26:30 | Construir | Farm |
| 26:32 | Construir | Farm |
| 26:34 | Construir | Farm |
| 26:35 | Construir | Farm |
| 26:37 | Crear | Villager (Male) |
Build order — LooneyNZ
Primeras 150 de 455 acciones detectadas
| 0:01 | Crear | Villager (Male) |
| 0:01 | Crear | Villager (Male) |
| 0:01 | Crear | Villager (Male) |
| 0:03 | Construir | House |
| 0:04 | Construir | House |
| 0:04 | Crear | Villager (Male) |
| 0:05 | Crear | Villager (Male) |
| 1:45 | Construir | Lumber Camp |
| 1:56 | Crear | Villager (Male) |
| 1:56 | Crear | Villager (Male) |
| 1:56 | Crear | Villager (Male) |
| 1:56 | Crear | Villager (Male) |
| 2:39 | Crear | Villager (Male) |
| 2:39 | Crear | Villager (Male) |
| 2:39 | Crear | Villager (Male) |
| 3:07 | Construir | House |
| 3:12 | Crear | Villager (Male) |
| 3:12 | Crear | Villager (Male) |
| 3:12 | Crear | Villager (Male) |
| 3:12 | Crear | Villager (Male) |
| 3:13 | Crear | Villager (Male) |
| 3:57 | Crear | Villager (Male) |
| 3:57 | Crear | Villager (Male) |
| 4:28 | Crear | Villager (Male) |
| 4:28 | Crear | Villager (Male) |
| 4:28 | Crear | Villager (Male) |
| 4:28 | Crear | Villager (Male) |
| 5:01 | Crear | Villager (Male) |
| 5:01 | Crear | Villager (Male) |
| 5:01 | Crear | Villager (Male) |
| 5:46 | Crear | Villager (Male) |
| 5:46 | Crear | Villager (Male) |
| 5:52 | Crear | Villager (Male) |
| 5:52 | Crear | Villager (Male) |
| 6:05 | Crear | Villager (Male) |
| 6:05 | Crear | Villager (Male) |
| 6:30 | Investigar | Loom |
| 6:46 | Construir | Barracks |
| 6:56 | Construir | Mill |
| 7:32 | Investigar | Feudal Age |
| 7:32 | Investigar | Feudal Age |
| 8:06 | Construir | Barracks |
| 8:44 | Construir | House |
| 8:49 | Construir | Palisade Gate |
| 9:42 | Edad | Edad Feudal |
| 9:43 | Investigar | Double-Bit Axe |
| 9:48 | Construir | Stable |
| 9:58 | Construir | Palisade Wall |
| 10:01 | Crear | Villager (Male) |
| 10:05 | Investigar | Wheelbarrow |
| 10:06 | Crear | Villager (Male) |
| 10:32 | Crear | Scout Cavalry |
| 10:32 | Crear | Scout Cavalry |
| 10:54 | Construir | Farm |
| 10:56 | Construir | Farm |
| 10:59 | Construir | Farm |
| 11:03 | Crear | Scout Cavalry |
| 11:18 | Crear | Spearman |
| 11:40 | Crear | Villager (Male) |
| 12:12 | Construir | Blacksmith |
| 12:14 | Crear | Scout Cavalry |
| 12:22 | Construir | House |
| 12:49 | Crear | Villager (Male) |
| 13:00 | Construir | Farm |
| 13:04 | Construir | Farm |
| 13:04 | Construir | Farm |
| 13:04 | Construir | Farm |
| 13:04 | Construir | Farm |
| 13:14 | Crear | Villager (Male) |
| 13:41 | Investigar | Scale Barding Armor |
| 14:03 | Crear | Villager (Male) |
| 14:03 | Crear | Villager (Male) |
| 14:15 | Construir | House |
| 14:16 | Construir | House |
| 14:18 | Construir | House |
| 14:22 | Construir | Palisade Gate |
| 14:30 | Crear | Villager (Male) |
| 14:30 | Crear | Villager (Male) |
| 15:07 | Crear | Villager (Male) |
| 15:07 | Crear | Villager (Male) |
| 15:07 | Crear | Villager (Male) |
| 15:37 | Construir | Farm |
| 15:39 | Construir | Farm |
| 15:40 | Construir | Farm |
| 15:41 | Crear | Villager (Male) |
| 16:39 | Crear | Villager (Male) |
| 17:14 | Construir | Market |
| 17:16 | Investigar | Forging |
| 17:17 | Crear | Villager (Male) |
| 17:17 | Crear | Villager (Male) |
| 17:18 | Crear | Villager (Male) |
| 17:21 | Construir | Lumber Camp |
| 17:25 | Construir | Mill |
| 17:26 | Construir | Farm |
| 17:26 | Construir | Farm |
| 17:26 | Construir | Farm |
| 17:26 | Construir | Farm |
| 17:27 | Construir | Farm |
| 17:27 | Construir | Farm |
| 17:35 | Construir | Mining Camp |
| 17:36 | Crear | Villager (Male) |
| 18:05 | Crear | Villager (Male) |
| 19:03 | Crear | Villager (Male) |
| 19:03 | Crear | Villager (Male) |
| 19:03 | Crear | Villager (Male) |
| 19:31 | Construir | House |
| 19:33 | Construir | House |
| 20:02 | Construir | Farm |
| 20:08 | Construir | Farm |
| 20:15 | Construir | Palisade Wall |
| 20:35 | Investigar | Castle Age |
| 20:59 | Construir | Palisade Wall |
| 21:01 | Construir | Palisade Wall |
| 21:17 | Construir | Palisade Wall |
| 22:11 | Crear | Spearman |
| 22:11 | Crear | Spearman |
| 22:20 | Construir | House |
| 22:23 | Construir | House |
| 22:29 | Construir | Palisade Wall |
| 22:59 | Construir | Farm |
| 22:59 | Construir | Farm |
| 23:16 | Crear | Spearman |
| 23:16 | Crear | Spearman |
| 23:25 | Edad | Edad de los Castillos |
| 23:35 | Crear | Villager (Male) |
| 23:35 | Crear | Villager (Male) |
| 24:15 | Construir | Town Center |
| 24:23 | Crear | Spearman |
| 24:39 | Crear | Spearman |
| 24:49 | Crear | Villager (Male) |
| 24:49 | Crear | Villager (Male) |
| 24:49 | Crear | Villager (Male) |
| 24:49 | Crear | Villager (Male) |
| 24:49 | Crear | Villager (Male) |
| 24:49 | Crear | Villager (Male) |
| 24:50 | Crear | Villager (Male) |
| 24:58 | Investigar | Hand Cart |
| 24:59 | Crear | Villager (Male) |
| 25:20 | Crear | Villager (Male) |
| 25:24 | Construir | Farm |
| 25:25 | Construir | Farm |
| 25:26 | Construir | Farm |
| 25:28 | Construir | Farm |
| 25:34 | Construir | Farm |
| 25:34 | Construir | Farm |
| 25:34 | Construir | Farm |
| 25:35 | Construir | Farm |
| 25:35 | Construir | Farm |
| 25:35 | Construir | Farm |
| 25:44 | Construir | Stable |
Cronología de la partida
| 6:46 | LooneyNZ · first_building Barracks |
| 8:10 | El_Terrible · first_building Barracks |
| 8:17 | yazidzr · first_building Barracks |
| 9:07 | crazy hippo · first_building Barracks |
| 9:28 | GdN_EL DOMADOR de Valentines · first_building Barracks |
| 9:33 | len´s_goth · first_building Barracks |
| 9:42 | LooneyNZ · age_up feudal |
| 9:48 | LooneyNZ · first_building Stable |
| 9:58 | LooneyNZ · wall_segment Palisade Wall x6 |
| 10:13 | El_Terrible · age_up feudal |
| 10:15 | GdN_EL DOMADOR de Valentines · age_up feudal |
| 10:18 | El_Terrible · first_building Stable |
| 10:18 | yazidzr · wall_segment Palisade Wall x1 |
| 10:27 | GdN_EL DOMADOR de Valentines · first_building Archery Range |
| 10:38 | yazidzr · age_up feudal |
| 10:51 | crazy hippo · age_up feudal |
| 10:51 | len´s_goth · age_up feudal |
| 10:57 | len´s_goth · first_building Stable |
| 10:58 | crazy hippo · wall_segment Stone Wall x6 |
| 11:00 | yazidzr · first_building Stable |
| 11:00 | crazy hippo · wall_segment Stone Wall x11 |
| 11:12 | crazy hippo · wall_segment Stone Wall x8 |
| 11:18 | El_Terrible · wall_segment Palisade Wall x5 |
| 11:36 | crazy hippo · wall_segment Stone Wall x6 |
| 11:40 | crazy hippo · wall_segment Stone Wall x14 |
| 11:59 | crazy hippo · wall_segment Stone Wall x16 |
| 12:53 | crazy hippo · wall_segment Stone Wall x3 |
| 13:00 | crazy hippo · wall_segment Stone Wall x1 |
| 13:32 | crazy hippo · wall_segment Stone Wall x4 |
| 13:53 | yazidzr · first_building Archery Range |
| 15:34 | GdN_EL DOMADOR de Valentines · wall_segment Palisade Wall x11 |
| 15:37 | len´s_goth · wall_segment Palisade Wall x4 |
| 15:38 | len´s_goth · wall_segment Palisade Wall x2 |
| 15:58 | GdN_EL DOMADOR de Valentines · wall_segment Palisade Wall x13 |
| 17:56 | len´s_goth · age_up castle |
| 18:32 | crazy hippo · wall_segment Stone Wall x12 |
| 18:35 | crazy hippo · wall_segment Stone Wall x14 |
| 19:50 | LooneyNZ · first_market_sell 100 wood |
| 20:15 | LooneyNZ · wall_segment Palisade Wall x6 |
| 20:22 | len´s_goth · wall_segment Palisade Wall x7 |
| 20:28 | len´s_goth · wall_segment Palisade Wall x7 |
| 20:37 | GdN_EL DOMADOR de Valentines · wall_segment Palisade Wall x10 |
| 20:59 | LooneyNZ · wall_segment Palisade Wall x5 |
| 21:01 | crazy hippo · wall_segment Stone Wall x4 |
| 21:01 | LooneyNZ · wall_segment Palisade Wall x10 |
| 21:17 | LooneyNZ · wall_segment Palisade Wall x1 |
| 21:40 | GdN_EL DOMADOR de Valentines · first_market_sell 100 wood |
| 21:43 | GdN_EL DOMADOR de Valentines · first_market_buy 100 food |
| 22:29 | LooneyNZ · wall_segment Palisade Wall x5 |
| 22:50 | GdN_EL DOMADOR de Valentines · wall_segment Palisade Wall x7 |
| 23:00 | GdN_EL DOMADOR de Valentines · wall_segment Palisade Wall x10 |
| 23:20 | len´s_goth · wall_segment Palisade Wall x6 |
| 23:25 | LooneyNZ · age_up castle |
| 24:42 | crazy hippo · first_market_buy 100 food |
| 24:46 | crazy hippo · first_market_sell 100 wood |
| 24:55 | El_Terrible · age_up castle |
| 25:12 | GdN_EL DOMADOR de Valentines · age_up castle |
| 25:39 | El_Terrible · first_building Castle |
| 25:54 | yazidzr · age_up castle |
| 26:04 | yazidzr · wall_segment Palisade Wall x1 |
| 26:06 | yazidzr · wall_segment Palisade Wall x1 |
| 26:08 | yazidzr · wall_segment Palisade Wall x1 |
| 27:23 | crazy hippo · first_building Archery Range |
| 28:14 | crazy hippo · age_up castle |
| 29:15 | len´s_goth · wall_segment Palisade Wall x1 |
| 29:17 | GdN_EL DOMADOR de Valentines · first_building Castle |
| 29:44 | El_Terrible · wall_segment Palisade Wall x1 |
| 29:47 | El_Terrible · wall_segment Palisade Wall x8 |
| 29:52 | El_Terrible · wall_segment Palisade Wall x18 |
| 30:52 | len´s_goth · first_building Monastery |
| 31:35 | LooneyNZ · first_market_buy 100 stone |
| 31:52 | GdN_EL DOMADOR de Valentines · first_building Siege Workshop |
| 32:29 | LooneyNZ · first_building Castle |
| 32:47 | len´s_goth · first_building Castle |
| 33:52 | crazy hippo · first_building Monastery |
| 33:54 | yazidzr · first_building Monastery |
| 35:05 | len´s_goth · age_up imperial |
| 35:58 | crazy hippo · first_building Castle |
| 36:17 | yazidzr · tribute_sent a jugador 1 |
| 36:17 | yazidzr · tribute_sent a jugador 3 |
| 36:17 | yazidzr · tribute_sent a jugador 4 |
| 36:17 | yazidzr · tribute_sent a jugador 5 |
| 36:17 | yazidzr · tribute_sent a jugador 6 |
| 36:44 | len´s_goth · first_market_sell 100 wood |
| 38:16 | yazidzr · age_up imperial |
| 40:59 | El_Terrible · age_up imperial |
| 41:09 | LooneyNZ · wall_segment Stone Wall x5 |
| 41:21 | yazidzr · first_market_buy 100 stone |
| 41:29 | yazidzr · first_building Castle |
| 41:38 | LooneyNZ · wall_segment Stone Wall x13 |
| 41:42 | LooneyNZ · wall_segment Stone Wall x7 |
| 41:44 | LooneyNZ · wall_segment Stone Wall x7 |
| 42:29 | LooneyNZ · wall_segment Stone Wall x10 |
| 42:56 | LooneyNZ · wall_segment Stone Wall x2 |
| 44:57 | crazy hippo · age_up imperial |
| 46:57 | LooneyNZ · age_up imperial |
| 47:19 | crazy hippo · resign |
[ ANÁLISIS IA · 1 CRÉDITO ]
¿Qué pasó realmente en esta partida?
Wolo.gg analiza cada decisión: build order, eco, micro, errores típicos por bracket. Análisis personalizado por WhatsApp o Discord en 30 segundos.
Guía civ
Sarracenos
Perfil
Jugador #11699468